 Dungeon Crawl Stone Soup version 0.29.1-1-gd02db6906a (webtiles) character file.

Game seed: 17670215216939988708

33 Iusername the Trooper (level 3, -1/30 HPs)
             Began as a Merfolk Fighter on Sept 15, 2022.
             Slain by a gnoll
             ... wielding a +0 hand axe
              (9 damage)
             ... on level 2 of the Dungeon.
             The game lasted 00:02:44 (1196 turns).

Iusername the Trooper (Merfolk Fighter)             Turns: 1196, Time: 00:02:45

Health: -1/30      AC:  8    Str: 18    XL:     3   Next: 29%
Magic:  3/3        EV:  9    Int:  7    God:
Gold:   77         SH:  4    Dex: 13    Spells: 2/2 levels left

rFire   . . .      SeeInvis .   a - +0 trident
rCold   . . .      Faith    .   c - +0 buckler
rNeg    . . .      Spirit   .   b - +0 scale mail
rPois   .          Reflect  .   g - +0 helmet
rElec   .          Harm     .   m - +0 cloak
rCorr   .          Rampage  .   (no gloves)
Will    .....                   (no boots)
Stlth   ..........              (no amulet)
HPRegen 0.10/turn               i - ring of flight
MPRegen 0.08/turn               (no ring)

@: mighty, flying
A: (nimble swimmer 2), mertail
a: no special abilities


You were on level 2 of the Dungeon.
You visited 1 branch of the dungeon, and saw 2 of its levels.

You collected 77 gold pieces.

Inventory:

Hand Weapons
 a - a +0 trident (weapon)
Missiles
 h - a throwing net (quivered)
Armour
 b - a +0 scale mail (worn)
 c - a +0 buckler (worn)
 g - a +0 helmet (worn)
 m - a +0 cloak (worn)
Jewellery
 i - a ring of flight (left hand)
 k - a ring of resist corrosion
 n - a ring of willpower
Scrolls
 f - a scroll of acquirement {unknown}
 j - a scroll of teleportation {unknown}
Potions
 e - a potion of brilliance {unknown}
 l - a potion of haste {unknown}


   Skills:
 + Level 3.7 Fighting
 + Level 3.1 Polearms
 + Level 2.6 Armour
 + Level 0.3 Dodging
 + Level 3.1 Shields


You had 2 spell levels left.
You didn't know any spells.
Your spell library was empty.

Dungeon Overview and Level Annotations

Branches:
Dungeon (2/15)

Altars:

Shops:
D:1 =!!!(   D:2 ?


Innate Abilities, Weirdness & Mutations

((You are very nimble when in or above water. (Stealth+, EV+, Speed+++)))
Your lower body shifts to a powerful aquatic tail in water.


Message History

A hobgoblin is nearby!
A hobgoblin is nearby!
A hobgoblin is nearby!
A hobgoblin is nearby!
The hobgoblin shouts!
The hobgoblin hits you but does no damage.
Items here: ) ††††.
You barely miss the hobgoblin. The hobgoblin barely misses you.
You block the hobgoblin's attack.
You completely miss the hobgoblin.
The hobgoblin hits you but does no damage.
You hit the hobgoblin.
You kill the hobgoblin!
You see here a hobgoblin corpse.
You see here a hobgoblin corpse.
You start resting.
A gnoll comes into view. It is wielding a +2 spear of venom.
A gnoll is nearby!
A gnoll is nearby!
A gnoll is nearby!
A gnoll is nearby!
A gnoll comes into view.
It is wielding a +0 hand axe and quivering atropa-tipped darts.
Items here: ) ††††.
You see here a hobgoblin corpse.
You feel very mighty all of a sudden.
You see here a hobgoblin corpse.
The gnoll closely misses you.
A gnoll comes into view. It is wielding a +0 halberd.
Items here: ) ††††.
You closely miss the gnoll.
The gnoll shouts!
You block the gnoll's attack.
You barely miss the gnoll. You block the gnoll's attack.
You barely miss the gnoll. You block the gnoll's attack.
The gnoll hits you with a +0 hand axe.
You barely miss the gnoll.
The gnoll hits you from afar with a +2 spear of venom!
* * * LOW HITPOINT WARNING * * *
The gnoll hits you with a +0 hand axe!
You die...

#..# ### ######''####.#
######### #.'..∩..>..'.#
#........ ##.####..####.#
#........ .#.......# #.#
#........ .#.####### #.#
#........ .#.# #####.#
#........
.#.######.....####........
.............ggg@†........
.#.######....#.###........
.#.# #....#.# #........
.#.# ......+.. #........
.#.# ⌠##....#..#.........
.#.# #....#..#.........
.#.# #######...........
.#.# ..........#


You could see 3 gnolls.

Vanquished Creatures
  A worm (D:2)
  6 endoplasms
  A giant cockroach (D:1)
  2 goblins
  2 hobgoblins
  5 jackals
  A kobold (D:1)
  4 ball pythons
  A bat (D:1)
  A frilled lizard (D:2)
  2 rats
26 creatures vanquished.

Notes
Turn   | Place    | Note
-------+----------+-------------------------------------------
     0 | D:1      | Iusername the Merfolk Fighter began the quest for the Orb.
     0 | D:1      | Reached XP level 1. HP: 18/18 MP: 1/1
    85 | D:1      | Found Jocya's Jewellery Shoppe.
   289 | D:1      | Reached XP level 2. HP: 16/24 MP: 2/2
   528 | D:1      | Found a faded altar of an unknown god.
   647 | D:1      | Found Toatuuth's Distillery.
   675 | D:1      | Found Apoung's Weapon Boutique.
   687 | D:1      | Found Jaurafuu's Distillery.
   726 | D:1      | Found Misok's Distillery.
  1058 | D:2      | Found Ozonem's Magic Scroll Emporium.
  1100 | D:2      | Reached XP level 3. HP: 29/29 MP: 3/3
  1196 | D:2      | Slain by a gnoll

Illustrated notes

Levels and vault maps discovered:
D:1:      scummos_arrival_forest, layout_loops_corners,
          shapermc_ecumenical_altar_mp_highgroup, serial_shops, shop,
          nicolae_shop_hallway_stairs, nicolae_shop_waterfront,
          nicolae_diamond_shop, nicolae_shop_waterfront
D:2:      layout_basic, serial_shops, shop_fountains, shop_statue,
          nicolae_shop_hallway_stairs, shop, nicolae_diamond_shop,
          dk_noncrumbling_4, uniq_sigmund, uniq_robin, uniq_crazy_yiuf_cottage

Skill      XL: |  1  2 |
---------------+-------+-----
Polearms       | 3 |  3.1
Fighting       | |  3.7
Armour         | |  2.6
Dodging        | |  0.3
Shields        | |  3.1

Action                   || total
-------------------------++-------
Melee: Trident           ||    95
  Use: Potion            ||     1
Armor: Scale mail        ||    43
Dodge: Dodged            ||    36
Block: Buckler           ||    24
